 Dungeon Crawl Stone Soup version 0.31-a0-544-gceb718ecc6 (webtiles) character file.

Game seed: 1927379085851467769

521674 EvasionUseless the Invulnerable (level 25, -7/168 (172) HPs)
             Began as a Gargoyle Hunter on Aug 15, 2023.
             Was an Elder of Cheibriados.
             Killed from afar by a yellow draconian annihilator (71 damage)
             ... with a crystal spear
             ... led by a black draconian knight
             ... on level 3 of the Realm of Zot.
             The game lasted 01:24:43 (63796 turns).

EvasionUseless the Invulnerable (Gargoyle Hunter)  Turns: 63796, Time: 01:24:44

HP:   -7/168 (172)  AC: 62    Str: 28    XL:     25   Next: 31%
MP:   14/36         EV:  9    Int: 26    God:    Cheibriados [****..]
Gold: 464           SH:  5    Dex: 33    Spells: 35/42 levels left

rFire   + . .        s - +0 triple crossbow (heavy)
rCold   + . .        (shield currently unavailable)
rNeg    + . .        l - +0 gold dragon scales
rPois   ∞            b - +2 helmet {Int+3}
rElec   +            P - +2 cloak {Will+}
rCorr   +            F - +2 pair of gloves
SInv    +            A - +2 pair of boots
Will    ++...        N - amulet of reflection Stlth
                     D - ring of Midnight {Str+2 Dex+2 SInv}
HPRegen 0.48/turn    L - ring of resist corrosion
MPRegen 0.25/turn

%: reflection
@: flying, lightly drained, very slow
A: sickness immunity, AC +19, big wings, negative energy resistance 1,
electricity resistance, torment resistance 1, petrification resistance
}: 3/15 runes: decaying, serpentine, silver
a: Renounce Religion, Bend Time, Temporal Distortion, Slouch


You were on level 3 of the Realm of Zot.
You worshipped Cheibriados.
Cheibriados was greatly pleased with you.
You visited 10 branches of the dungeon, and saw 47 of its levels.
You also visited: Ossuary.

You collected 7844 gold pieces.
You spent 7380 gold pieces at shops.

Inventory:

Hand Weapons
 s - a +0 heavy triple crossbow (weapon)
 J - a +6 longbow of flaming
Missiles
 E - a throwing net
 Z - 5 curare-tipped darts
Armour
 b - a +2 helmet of intelligence (worn)
 l - +0 gold dragon scales (worn)
 A - a +2 pair of boots (worn)
 F - a +2 pair of gloves (worn)
 P - a +2 cloak of willpower (worn)
Jewellery
 e - a ring of protection from cold
 o - a +4 ring of protection
 D - the ring of Midnight (left hand) {Str+2 Dex+2 SInv}
   (You bought it in a shop on level 3 of the Depths)

   [ring of see invisible]

   Str+2:     It affects your strength (+2).
   Dex+2:     It affects your dexterity (+2).
   SInv:      It lets you see invisible.
 I - the ring "Parawn" {Wiz *Corrode Str+3 SInv}
   (You found it on level 4 of the Snake Pit)

   [ring of wizardry]

   Wiz:       It improves your spell success rate.
   Str+3:     It affects your strength (+3).
   SInv:      It lets you see invisible.
   *Corrode:  It may corrode you when you take damage.
 K - a ring of willpower
 L - a ring of resist corrosion (right hand)
 N - an amulet of reflection (around neck)
 O - a ring of willpower
Wands
 c - a wand of flame (60)
 t - a wand of polymorph (27)
 y - a wand of paralysis (39)
 z - a wand of mindburst (36)
 H - a wand of light (16)
 R - a wand of roots (14)
 W - a wand of digging (21)
Scrolls
 a - 9 scrolls of fog
 d - 6 scrolls of poison
 g - 18 scrolls of teleportation
 i - 4 scrolls of amnesia
 p - a scroll of revelation
 G - 5 scrolls of immolation
 M - 4 scrolls of vulnerability
 Q - a scroll of blinking
 U - a scroll of summoning
 V - 2 scrolls of silence
 X - 2 scrolls of fear
Potions
 f - 10 potions of attraction
 h - 6 potions of curing
 j - 4 potions of ambrosia
 m - 3 potions of might
 n - 2 potions of berserk rage
 r - 2 potions of heal wounds
 u - 2 potions of invisibility
 v - 8 potions of enlightenment
 w - 3 potions of lignification
 x - 6 potions of brilliance
 B - 5 potions of mutation
 C - 2 potions of cancellation
 T - 4 potions of magic
Miscellaneous
 k - a phial of floods
 q - a tin of tremorstones (2/2)
 S - a lightning rod (4/4)
 Y - a phantom mirror


   Skills:
 + Level 21.8 Fighting
 * Level 20.9 Ranged Weapons
 O Level 27 Armour
 - Level 1.5 Dodging
 + Level 12.6 Stealth
 - Level 9.0 Spellcasting
 - Level 8.9 Hexes
 - Level 12.0 Translocations
 + Level 16.3 Invocations


You had 35 spell levels left.
You knew the following spells:

 Your Spells              Type           Power      Damage    Failure   Level
a - Blink                 Tloc           100%       N/A       1%          2
b - Metabolic Englaciati  Hex/Ice        17%        N/A       78%         5

Your spell library contained the following spells:

 Spells                   Type           Power      Damage    Failure   Level
 Apportation              Tloc           100%       N/A       1%          1
 Slow                     Hex            100%       N/A       1%          1
 Lesser Beckoning         Tloc           100%       N/A       1%          2
 Gell's Gravitas          Tloc           65%        N/A       1%          3
 Teleport Other           Tloc           65%        N/A       1%          3
 Manifold Assault         Tloc           65%        N/A       1%          4
 Passage of Golubria      Tloc           65%        N/A       1%          4
 Confusing Touch          Hex            55%        N/A       2%          3
 Tukima's Dance           Hex            55%        N/A       2%          3
 Momentum Strike          Conj/Tloc      84%        3d10      3%          2
 Ensorcelled Hibernation  Hex/Ice        70%        N/A       7%          2
 Vhi's Electric Charge    Tloc/Air       84%        N/A       8%          3
 Volatile Blastmotes      Fire/Tloc      84%        2d17      8%          3
 Cause Fear               Hex            27%        N/A       8%          4
 Inner Flame              Hex/Fire       35%        N/A       14%         3
 Summon Guardian Golem    Hex/Summ       35%        N/A       14%         3
 Iskenderun's Mystic Bla  Conj/Tloc      42%        2d10      24%         4
 Freeze                   Ice            44%        1d6       28%         1
 Kiss of Death            Conj/Necr      44%        2d8       28%         1
 Necrotise                Necr           44%        1d6       28%         1
 Shock                    Conj/Air       44%        1d5       28%         1
 Sting                    Tmut/Pois      44%        1d5       28%         1
 Summon Small Mammal      Summ           44%        N/A       28%         1
 Passwall                 Tmut/Erth      9%         N/A       41%         2
 Scorch                   Fire           22%        2d5       41%         2
 Static Discharge         Conj/Air       22%        2-3/arc   41%         2
 Wereblood                Tmut           11%        N/A       41%         2
 Anguish                  Hex/Necr       17%        N/A       43%         4
 Fulminant Prism          Conj/Hex       17%        3d10      43%         4
 Leda's Liquefaction      Hex/Erth       17%        N/A       43%         4
 Summon Forest            Summ/Tloc      21%        N/A       56%         5
 Call Canine Familiar     Summ           11%        N/A       65%         3
 Hailstorm                Conj/Ice       11%        3d5       65%         3
 Ignite Poison            Fire/Tmut/Pois 11%        N/A       65%         3
 Ozocubu's Armour         Ice            11%        N/A       65%         3
 Stone Arrow              Conj/Erth      22%        3d8       65%         3
 Swiftness                Air            11%        N/A       65%         3
 Vampiric Draining        Necr           11%        2d6       65%         3
 Summon Mana Viper        Hex/Summ       35%        N/A       78%         5
 Yara's Violent Unravell  Hex/Tmut       17%        3d8       78%         5
 Airstrike                Air            5%         2d(1-17)  96%         4
 Animate Armour           Summ/Erth      22%        N/A       96%         4
 Animate Dead             Necr           11%        N/A       96%         4
 Dispel Undead            Necr           11%        3d9       96%         4
 Flame Wave               Conj/Fire      11%        2d6       96%         4
 Sticky Flame             Conj/Fire      11%        2d3       96%         4
 Summon Ice Beast         Ice/Summ       11%        N/A       96%         4
 Summon Lightning Spire   Summ/Air       11%        N/A       96%         4
 Enfeeble                 Hex            27%        N/A       99%         7
 Arcjolt                  Conj/Air       5%         1d15      100%        5
 Borgnjor's Vile Clutch   Necr/Erth      5%         N/A       100%        5
 Fireball                 Conj/Fire      5%         3d5       100%        5
 Irradiate                Conj/Tmut      5%         3d13      100%        5
 Lee's Rapid Deconstruct  Erth           5%         3d6*      100%        5
 Death Channel            Necr           5%         N/A       100%        6
 Eringya's Noxious Bog    Tmut/Pois      5%         4d6       100%        6
 Leda's Unmaking          Conj/Erth      5%         9d2       100%        6
 Simulacrum               Ice/Necr       5%         N/A       100%        6
 Summon Cactus Giant      Summ           5%         N/A       100%        6
 Haunt                    Necr/Summ      5%         N/A       100%        7
 Malign Gateway           Summ/Tloc      21%        N/A       100%        7
 Monstrous Menagerie      Summ           5%         N/A       100%        7
 Summon Hydra             Summ           5%         N/A       100%        7
 Borgnjor's Revivificati  Necr           5%         N/A       100%        8
 Ignition                 Fire           5%         3d4       100%        8
 Lehudib's Crystal Spear  Conj/Erth      5%         10d3      100%        8
 Maxwell's Capacitive Co  Air            5%         ∞         100%        8
 Summon Horrible Things   Summ           5%         N/A       100%        8
 Chain Lightning          Conj/Air       5%         3d7       100%        9
 Death's Door             Necr           5%         N/A       100%        9
 Dragon's Call            Summ           5%         N/A       100%        9
 Fire Storm               Conj/Fire      5%         8d2       100%        9
 Polar Vortex             Ice            5%         N/A       100%        9
 Shatter                  Erth           5%         3d8*      100%        9
 Cigotuvi's Dreadful Rot  Necr/Pois/Air  Unusable   N/A       N/A         2

Dungeon Overview and Level Annotations

Branches:
Dungeon (15/15)            Temple (1/1) D:4            Lair (5/5) D:8
  Swamp (4/4) Lair:2        Snake (4/4) Lair:3        Slime (0/5) Lair:5
    Orc (2/2) D:9             Elf (3/3) Orc:2        Vaults (5/5) D:13
  Crypt (0/3) Vaults:2     Depths (4/4) D:15            Zot (4/5) Depths:4
Ossuary (visited)

Altars:
Ashenzari
Cheibriados
Dithmenos
Elyvilon
Fedhas
Gozag
Hepliaklqana
Kikubaaqudgha
Makhleb
Nemelex Xobeh
Okawaru
Qazlal
Ru
Sif Muna
Trog
Uskayaw
Vehumet
Wu Jian
Xom
Yredelemnul
Zin
The Shining One
Jiyva

Shops:
D:3 *?   D:6 :   D:12 :*   Orc:2 [(*   Elf:3 =[?(*   Snake:2 =(:(*=
Vaults:2 [   Vaults:5 !!   Depths:3 =::   Depths:4 *

Portals:
Hell: Depths:1 Depths:2 Depths:3 Depths:4
Abyss: Depths:1 Depths:2 Depths:3
Pandemonium: Depths:2
Ziggurat: Depths:4
Bazaar: Depths:4

Annotations:
D:7 3 runed translucent doors, Arcadio's ghost, novice SpHu
Elf:2 3 runed translucent doors
Depths:4 exclusions: 2 angels, daeva and 5 more exclusions


Innate Abilities, Weirdness & Mutations

You are immune to sickness and miasma.
Your stone body is resilient. (AC +19)
You are immune to poison.
Your large and strong wings let you fly.
You resist negative energy. (rN+)
You are resistant to electric shocks. (rElec)
You are resistant to unholy torment.
You are immune to petrification.


Message History

The green draconian tail-slaps your white draconian.
Your white draconian is engulfed in poison gas.
Your white draconian looks as sick as possible!
Your white draconian hits the shadow dragon with a +0 halberd.
The green draconian hits your white draconian with a +0 falchion of protection!
Your white draconian dies!
Your white draconian's corpse dissolves into shadows!
The green draconian roars!
Fire: s) +0 triple crossbow (heavy)
Press: ? - help, Shift-Dir - straight line, f/p - green draconian
Aim: a green draconian, wielding a +0 falchion of protection (almost dead, catching its breath, ally target, 78% to hit)
You shoot a bolt. The bolt hits the green draconian!!!!
You kill the green draconian!
Cheibriados thoroughly appreciates the change of pace.
You are no longer corroded.
Your ghost moth stares at the shadow dragon.
The shadow dragon breathes negative energy at you.
The bolt of negative energy hits you! You partially resist.
You feel drained.
The yellow draconian annihilator spits acid at you.
The glob of acid hits you but does no damage.
Your ghost moth stares at the shadow dragon.
The shadow dragon bites you but does no damage.
The shadow dragon closely misses you.
The shadow dragon claws you but does no damage.
You take 15 damage, and have 63/168 hp.
Fire: s) +0 triple crossbow (heavy)
Press: ? - help, Shift-Dir - straight line, f - shadow dragon
Aim: a shadow dragon (severely wounded, catching its breath, ally target, 78% to hit)
You shoot a bolt.
The bolt barely misses the shadow dragon.
Your ghost moth stares at the shadow dragon.
Your ghost moth hits the shadow dragon but does no damage.
Your ghost moth hits the shadow dragon.
Your ghost moth stings the shadow dragon.
The shadow dragon bites your ghost moth.
The shadow dragon claws your ghost moth.
The shadow dragon claws your ghost moth but does no damage.
The yellow draconian annihilator casts a spell at you.
The crystal spear hits you!!!
You die...

.........,......#*
...d.............##
..................##
.○☼○#,,,,,.........##
#○☼○#*,,,,,#).......##
#.☼§○#*,,,**#q.°...).##
###☼○○#*,,,**#........##
*
*#○○○☼.,,,*##)D.##...##
* *#.......,*##@y.##...#
*
**,.......###)).##...##
***,,,...........##...##
*,,,.........)>##...##
*****#.....)...##...##
**,⌠,*#........#...##
*,,,,,#...........##
+,,>,⌠#..........##
*,,,,,##.....^..##


You could see a shadow dragon (distracted, ally target), a yellow draconian
annihilator (catching breath) and a friendly ghost moth (summoned, invisible).

Vanquished Creatures
  2 ancient liches
  A juggernaut (Depths:4)
  Josephina (Depths:3)
  Margery (Vaults:3)
  Bai Suzhen (Swamp:4)
  Saint Roka (Depths:1)
  the Lernaean hydra (Swamp:4)
  5 golden dragons
  Nikola (Elf:3)
  the Enchantress (Depths:1)
  Norris (Depths:3)
  Jory (Vaults:5)
  2 bone dragons (Depths:4)
  Zenata (Vaults:2)
  An electric golem (Zot:3)
  7 tentacled monstrosities
  3 titans
  Rupert (D:12)
  Jorgrun (Swamp:2)
  5 liches
  2 deep elf blademasters (Elf:3)
  A quicksilver dragon (Zot:2)
  A deep elf master archer (Elf:3)
  Gastronok (Lair:1)
  3 death cobs
  2 thorn hunters (Swamp:4)
  Agnes (Snake:1)
  4 sphinxes
  A shadow dragon (shapeshifter) (Depths:2)
  5 tengu reavers
  Aizul (Swamp:2)
  9 storm dragons
  7 shadow dragons
  4 draconian knights
  Roxanne (D:14)
  3 draconian monks
  3 nagarajas
  5 deep elf elementalists (Elf:3)
  6 frost giants
  4 iron dragons
  6 fire giants
  8 deep elf sorcerers
  2 draconian scorchers
  11 vault wardens
  A balrug (Depths:3)
  3 orc warlords
  A ghost moth (Zot:2)
  2 draconian stormcallers
  3 draconian annihilators
  A formless jellyfish (shapeshifter) (Vaults:5)
  24 ironbound preservers
  3 spriggan defenders (Depths:1)
  3 war gargoyles
  24 very ugly things
  17 stone giants
  3 formless jellyfish
  3 ironbound thunderhulks
  3 vampire knights
  2 draconian shifters
  9 deep elf demonologists
  12 green draconians
  3 purple draconians
  11 deep elf annihilators
  A dire elephant (shapeshifter) (Depths:2)
  3 black draconians
  3 eleionomae
  10 dire elephants
  2 red draconians
  8 bunyips
  A white draconian (Zot:3)
  7 yellow draconians
  5 deep elf death magi
  22 ettins
  A green death (Depths:2)
  2 jiangshi (Depths:3)
  7 great orbs of eyes
  16 yaktaur captains
  4 deep elf high priests
  10 fire dragons
  7 entropy weavers
  A shambling mangrove (Swamp:4)
  28 vault guards
  10 ice dragons
  6 rakshasas
  5 salamander tyrants
  14 hydras
  6 spriggan air magi
  Fannar (Orc:1)
  2 peacekeepers
  3 catoblepae (Lair:5)
  10 centaur warriors
  2 ogre magi (Vaults:5)
  3 ghost crabs
  8 ironbound frosthearts
  9 boulder beetles
  6 anacondas
  6 alligators
  3 two-headed ogres (shapeshifter)
  4 two-headed ogres
  A death scarab (Depths:4)
  2 deep troll shamans (Depths:1)
  A tengu warrior (D:15)
  10 naga warriors
  21 dancing weapons
  5 deep troll earth magi
  2 sphinx skeletons
  4 vampire magi
  7 death yaks (Lair:5)
  A death yak (shapeshifter) (Vaults:5)
  3 orc high priests
  A shock serpent (Snake:3)
  3 spriggan berserkers
  14 naga sharpshooters
  11 deep elf knights
  A sun demon (Depths:3)
  10 hell knights
  A golden dragon zombie (Depths:1)
  5 salamander mystics
  4 skysharks
  Lodul (D:11)
  5 goliath frogs
  An iron troll (Depths:2)
  56 deep trolls
  7 spriggan druids
  A death drake (Swamp:4)
  18 swamp dragons
  A glowing orange brain (shapeshifter) (Vaults:5)
  18 deep elf archers
  3 glowing orange brains
  5 flayed ghosts
  8 naga ritualists
  5 bog bodies
  21 ironbound convokers
  A spriggan simulacrum (Depths:3)
  2 wizards
  9 lindwurms
  4 phantasmal warriors
  11 necromancers
  5 orc knights
  A harpy (shapeshifter) (Depths:4)
  29 deep elf zephyrmancers
  34 deep elf pyromancers
  5 manticores
  4 mana vipers
  5 will-o-the-wisps
  3 orc sorcerers
  15 ugly things
  2 cyclopes
  12 elephants
  19 salamanders
  2 stone giant skeletons (Vaults:4)
  23 vault sentinels
  Joseph (D:7)
  2 guardian serpents (Snake:4)
  2 ice statues (D:15)
  12 cane toads
  10 moths of wrath
  34 black mambas
  2 gargoyles
  2 torpor snails
  18 naga magi
  A smoke demon (Depths:3)
  A kobold demonologist (D:13)
  A cane toad (shapeshifter) (D:13)
  A rime drake (Lair:3)
  8 komodo dragons
  3 unseen horrors (Depths:1)
  An efreet (D:15)
  A yaktaur skeleton (Vaults:3)
  A human skeleton (Vaults:4)
  4 red devils (Depths:2)
  6 freezing wraiths
  38 yaktaurs
  5 tengu conjurers
  A wolf spider simulacrum (D:15)
  4 polar bears
  5 trolls
  3 meliai (D:13)
  A troll (shapeshifter) (Vaults:1)
  11 hornets
  6 tyrant leeches
  Grinder (D:5)
  2 spriggan zombies (Depths:1)
  A tarantella (Vaults:4)
  An elf zombie (Vaults:4)
  A dream sheep (shapeshifter) (Vaults:5)
  6 dream sheep
  3 human simulacra
  5 blink frogs (Lair:5)
  Sigmund (D:3)
  28 slime creatures
  2 fire giant simulacra (Depths:3)
  3 jumping spiders (shapeshifter)
  7 water elementals
  19 spriggans
  2 shadows (D:13)
  3 centaur simulacra (D:15)
  An ettin skeleton (Depths:1)
  61 yaks
  6 wraiths
  4 wyverns
  3 air elementals
  4 large abominations (Depths:1)
  6 basilisks
  A culicivora (Vaults:4)
  A hog (shapeshifter) (Vaults:5)
  Eustachio (D:6)
  7 fire elementals
  A basilisk (shapeshifter) (Elf:1)
  7 chaos spawn
  2 steam dragons
  5 vampire mosquitoes
  Menkaure (D:5)
  10 redbacks
  11 wargs
  47 nagas
  13 swamp worms
  A floating eye (Depths:3)
  Duvessa (D:7)
  9 water moccasins
  A floating eye (shapeshifter) (Vaults:5)
  31 orc warriors
  5 ice beasts
  A black bear (shapeshifter) (Elf:2)
  A glowing shapeshifter skeleton (Vaults:4)
  3 small abominations (Depths:1)
  4 black bears
  9 swamp drakes
  10 centaurs
  5 wolves
  20 ogres
  8 boggarts
  4 phantoms
  A kobold brigand (D:9)
  2 gnoll sergeants
  12 bullfrogs
  7 earth elementals
  6 scorpions
  Dowan (D:7)
  2 troll zombies (D:9)
  5 killer bees (D:9)
  6 electric eels
  6 howler monkeys
  2 centaur zombies (Ossuary)
  2 human zombies (Ossuary)
  7 jellies
  20 orc priests
  5 hounds
  2 gnoll boudas
  Crazy Yiuf (D:2)
  Jessica (D:2)
  Natasha (D:2)
  6 iguanas
  26 orc wizards
  3 sleepcaps
  Terence (D:2)
  10 ogre zombies
  7 mummies (Ossuary)
  21 gnolls
  4 adders
  A shadow imp (D:6)
  4 white imps
  2 ufetubi (D:15)
  5 adder zombies (Ossuary)
  A worm (D:2)
  4 dart slugs
  95 orcs
  7 endoplasms
  4 giant cockroaches
  5 goblins
  A goblin (shapeshifter) (Vaults:5)
  11 hobgoblins
  6 jackals
  3 quokkas
  7 ball pythons
  10 bats
  6 frilled lizards
  2 goblin skeletons (D:9)
  9 goblin zombies
  A hobgoblin skeleton (D:9)
  6 hobgoblin zombies
  11 kobolds
  2 kobold zombies (Ossuary)
  4 orc skeletons (D:9)
  16 orc zombies
  8 rats
  2 rat zombies (Ossuary)
1911 creatures vanquished.

Vanquished Creatures (collateral kills)
  An ironbound preserver (Vaults:5)
  A deep troll (Vaults:5)
2 creatures vanquished.

Vanquished Creatures (others)
  A draconian knight (Zot:3)
  A vampire mage (Depths:2)
  A spark wasp simulacrum (Depths:3)
  A hornet (Swamp:2)
  An ogre (Vaults:5)
  4 foxfires (Swamp:4)
9 creatures vanquished.

Grand Total: 1922 creatures vanquished

Notes
Turn   | Place    | Note
-------+----------+-------------------------------------------
     0 | D:1      | EvasionUseless the Gargoyle Hunter began the quest for the
                  | Orb.
     0 | D:1      | Reached XP level 1. HP: 12/12 MP: 1/1
    68 | D:1      | Reached XP level 2. HP: 18/18 MP: 2/2
   314 | D:1      | Reached skill level 1 in Armour
   318 | D:1      | Reached XP level 3. HP: 19/22 MP: 3/3
   683 | D:2      | Noticed Jessica
   688 | D:2      | Killed Jessica
   689 | D:2      | Reached XP level 4. HP: 27/27 MP: 4/4
   984 | D:2      | Noticed Terence
  1034 | D:2      | Noticed Natasha
  1039 | D:2      | Killed Natasha
  1040 | D:2      | Reached skill level 5 in Ranged Weapons
  1040 | D:2      | Reached XP level 5. HP: 32/32 MP: 5/5
  1184 | D:3      | Noticed Sigmund
  1198 | D:3      | Found Tisavagi's Assorted Antiques.
  1210 | D:3      | Reached skill level 2 in Armour
  1397 | D:3      | Reached XP level 6. HP: 21/37 MP: 6/6
  1770 | D:3      | Bought a scroll labelled AQOTSO OTIQEWK for 23 gold pieces
  1950 | D:3      | Found a faded altar of an unknown god.
  2094 | D:3      | Found an ornate altar of the Wu Jian Council.
  2094 | D:3      | Found a faded altar of an unknown god.
  2102 | D:3      | Found a faded altar of an unknown god.
  2104 | D:3      | Found a shadowy altar of Dithmenos.
  2106 | D:3      | Found a shimmering blue altar of Sif Muna.
  2273 | D:3      | Found Laafun's Magic Scroll Emporium.
  2278 | D:3      | Bought a scroll of teleportation for 39 gold pieces
  2364 | D:3      | Killed Sigmund
  2365 | D:3      | Reached skill level 3 in Armour
  2365 | D:3      | Reached XP level 7. HP: 33/43 MP: 7/7
  2582 | D:4      | Identified the +9 rapier of Contention {heavy, rCorr Dex+3}
  2852 | D:3      | Found Tisavagi's Assorted Antiques.
  3009 | D:3      | Found Laafun's Magic Scroll Emporium.
  3030 | D:3      | Found a faded altar of an unknown god.
  3220 | D:3      | Found an ornate altar of the Wu Jian Council.
  3220 | D:3      | Found a faded altar of an unknown god.
  3228 | D:3      | Found a faded altar of an unknown god.
  3230 | D:3      | Found a shadowy altar of Dithmenos.
  3232 | D:3      | Found a shimmering blue altar of Sif Muna.
  3437 | D:2      | Killed Terence
  3663 | D:2      | Found a runed translucent door.
  3664 | D:2      | Noticed Crazy Yiuf
  3856 | D:2      | Killed Crazy Yiuf
  4169 | D:4      | Reached skill level 4 in Armour
  4169 | D:4      | Reached XP level 8. HP: 48/48 MP: 8/8
  4173 | D:4      | Found a snail-covered altar of Cheibriados.
  4283 | D:4      | Found a white marble altar of Elyvilon.
  4501 | D:4      | Found a staircase to the Ecumenical Temple.
  4618 | Temple   | Entered the Ecumenical Temple
  4863 | D:5      | Entered Level 5 of the Dungeon
  5025 | D:4      | Reached skill level 5 in Fighting
  5071 | D:5      | Reached skill level 5 in Stealth
  5121 | D:5      | Noticed Grinder
  5132 | D:5      | Killed Grinder
  5214 | D:5      | Noticed Menkaure
  5236 | D:5      | Reached skill level 5 in Armour
  5522 | D:5      | Reached XP level 9. HP: 54/55 MP: 9/9
  5546 | D:5      | Killed Menkaure
  5686 | D:6      | Noticed Eustachio
  5715 | D:6      | Found a sand-covered staircase.
  5722 | Ossuary  | Entered an ossuary
  5918 | Ossuary  | Reached skill level 6 in Armour
  6372 | D:6      | Found Nekefawn's Book Shop.
  6427 | D:6      | Killed Eustachio
  6766 | D:6      | Identified the -2 pair of boots of Somewhere Else {*Slow
                  | rPois Str+4 SInv}
  7294 | D:7      | Noticed Duvessa
  7299 | D:7      | Killed Duvessa
  7300 | D:7      | Reached skill level 10 in Ranged Weapons
  7301 | D:7      | Noticed Dowan
  7302 | D:7      | Killed Dowan
  7642 | D:7      | Found an iron altar of Okawaru.
  7642 | D:7      | Found a broken altar of Ashenzari.
  7702 | D:7      | Found a runed translucent gate.
  7702 | D:7      | Found a runed translucent gate.
  7706 | D:7      | Reached skill level 7 in Armour
  7735 | D:7      | Noticed Joseph
  7752 | D:7      | Killed Joseph
  7753 | D:7      | Reached XP level 10. HP: 28/64 MP: 10/10
  7886 | D:7      | Noticed a kobold demonologist
  7890 | D:7      | Noticed Arcadio's ghost (novice SpHu)
  7891 | D:7      | Found a runed translucent gate.
  8459 | D:8      | Found a stormy altar of Qazlal.
  8715 | D:8      | Found a staircase to the Lair.
  9615 | D:9      | Noticed a deep elf pyromancer
  9624 | D:9      | Noticed a six-headed hydra
  9634 | D:9      | Reached skill level 8 in Armour
  9636 | D:9      | Killed a deep elf pyromancer
  9648 | D:9      | Killed a six-headed hydra
  9949 | D:9      | Reached XP level 11. HP: 70/71 MP: 11/11
 10012 | D:9      | Noticed a two-headed ogre
 10033 | D:9      | Killed a two-headed ogre
 10375 | D:9      | Found a glowing golden altar of the Shining One.
 10480 | D:9      | Reached skill level 9 in Armour
 10900 | D:9      | Found a staircase to the Orcish Mines.
 11095 | D:9      | Found a basalt altar of Yredelemnul.
 11097 | D:9      | Noticed a profane servitor
 11297 | Orc:1    | Entered Level 1 of the Orcish Mines
 11297 | Orc:1    | Noticed an orc knight
 11358 | Lair:1   | Entered Level 1 of the Lair of Beasts
 11557 | Lair:1   | Reached skill level 10 in Fighting
 11656 | Lair:1   | Noticed Gastronok
 11741 | Lair:1   | Reached skill level 10 in Armour
 11767 | Lair:1   | Killed Gastronok
 11768 | Lair:1   | Reached XP level 12. HP: 64/78 MP: 12/12
 12731 | Lair:2   | Found a staircase to the Swamp.
 13395 | Lair:3   | Reached skill level 11 in Armour
 13415 | Lair:3   | Found a staircase to the Snake Pit.
 13659 | D:4      | Became a worshipper of Cheibriados the Contemplative
 13950 | Lair:3   | Reached skill level 1 in Invocations
 14002 | Lair:3   | Reached skill level 15 in Ranged Weapons
 14703 | Lair:4   | Reached * piety under Cheibriados
 14704 | Lair:4   | Reached XP level 13. HP: 85/85 MP: 14/14
 14711 | Lair:4   | You fall into a shaft and drop 1 floor!
 14711 | Lair:5   | Entered Level 5 of the Lair of Beasts
 15979 | Lair:5   | Found a staircase to the Slime Pits.
 15979 | Lair:5   | Found a viscous altar of Jiyva.
 15984 | Lair:5   | Reached ** piety under Cheibriados
 16100 | Lair:5   | Reached skill level 12 in Armour
 16255 | Lair:5   | Reached skill level 5 in Invocations
 16512 | Lair:5   | Reached *** piety under Cheibriados
 17134 | Lair:5   | Gained mutation: Your large and strong wings let you fly.
                  | [Gargoyle growth]
 17134 | Lair:5   | Reached XP level 14. HP: 62/92 MP: 18/18
 17640 | Lair:5   | Found the crystal ball of Wucad Mu {*channel}
 17957 | Orc:1    | Noticed Fannar
 17967 | Orc:1    | Killed Fannar
 18122 | Orc:1    | Reached **** piety under Cheibriados
 18564 | Orc:2    | Entered Level 2 of the Orcish Mines
 19047 | Orc:2    | Found Xugau's General Store.
 19053 | Orc:2    | Bought a scroll of enchant weapon for 112 gold pieces
 19087 | Orc:2    | Found a staircase to the Elven Halls.
 19112 | Orc:2    | Reached ***** piety under Cheibriados
 19879 | Orc:2    | Noticed an orc warlord
 20404 | Orc:2    | Killed an orc warlord
 20431 | Orc:2    | Found Qifimp's Antique Armour Shoppe.
 20435 | Orc:2    | Found Migruwkio's Antique Weapon Emporium.
 20447 | Orc:2    | Bought a shiny helmet for 127 gold pieces
 20468 | Orc:2    | Bought an embroidered robe for 62 gold pieces
 20468 | Orc:2    | Bought a runed robe for 62 gold pieces
 20694 | D:3      | Bought a scroll of enchant armour for 97 gold pieces
 20694 | D:3      | Bought 2 scrolls of poison for 104 gold pieces
 20857 | D:10     | Entered Level 10 of the Dungeon
 21414 | D:10     | Found a bloodstained altar of Trog.
 21769 | D:11     | Noticed Lodul
 21776 | D:11     | Killed Lodul
 22622 | D:12     | Found Ebli's General Store.
 22633 | D:12     | Bought a scroll of teleportation for 45 gold pieces
 22633 | D:12     | Bought a potion of lignification for 45 gold pieces
 22737 | D:12     | Identified the +4 hand axe "Moonke" {venom, Will++}
 22765 | D:12     | Found Ticath Bing's Book Shop.
 22765 | D:12     | Noticed a walking earthen tome
 22765 | D:12     | Noticed a walking divine tome
 22775 | D:12     | Bought a manual of Translocations for 800 gold pieces
 22942 | D:6      | Bought an Inescapable Atlas for 208 gold pieces
 23201 | D:12     | Noticed Rupert
 23208 | D:12     | Killed Rupert
 23296 | D:12     | Reached XP level 15. HP: 100/100 MP: 21/21
 23449 | D:13     | Reached ****** piety under Cheibriados
 24214 | D:13     | Found a gate to the Vaults.
 24504 | D:14     | Noticed Roxanne
 24511 | D:14     | Killed Roxanne
 25106 | D:15     | Entered Level 15 of the Dungeon
 25243 | D:15     | Found a staircase to the Depths.
 25243 | D:15     | Noticed a fire giant
 25261 | D:15     | Killed a fire giant
 25426 | D:15     | Found a shimmering altar of Xom.
 25437 | D:15     | Found the +7 mace of Variability {chaos, chaos arc}
 25936 | D:15     | Learned a level 2 spell: Blink
 26016 | D:15     | Reached skill level 10 in Invocations
 26551 | Snake:1  | Entered Level 1 of the Snake Pit
 26558 | Snake:1  | Reached skill level 15 in Fighting
 26740 | Snake:1  | Noticed Agnes
 26747 | Snake:1  | Killed Agnes
 27428 | Snake:2  | Found Dyidyu's Mayhem Merchandise.
 27433 | Snake:2  | Found Nuotauca's Weapon Emporium.
 27718 | Snake:2  | Reached XP level 16. HP: 108/108 MP: 23/23
 27733 | Snake:2  | Found Gyonuth's Book Shoppe.
 27799 | Snake:2  | Found Vyiviut's Jewellery Shoppe.
 27808 | Snake:2  | Bought an amulet of reflection for 450 gold pieces
 27841 | Snake:2  | Noticed a nagaraja
 27843 | Snake:2  | Killed a nagaraja
 28086 | Snake:2  | Found Oddo's Jewellery Boutique.
 28383 | Snake:2  | Found Azeigesm's Antique Weapon Boutique.
 28696 | Snake:2  | Bought a ring of protection from cold for 375 gold pieces
 29620 | Snake:4  | Entered Level 4 of the Snake Pit
 29621 | Snake:4  | Identified the ring "Parawn" {Wiz *Corrode Str+3 SInv}
 30918 | Snake:4  | Reached XP level 17. HP: 105/119 MP: 26/26
 30922 | Snake:4  | Reached skill level 1 in Translocations
 31137 | Snake:4  | Got a serpentine rune of Zot
 31814 | Swamp:1  | Entered Level 1 of the Swamp
 31931 | Swamp:1  | Reached skill level 13 in Armour
 32081 | Swamp:1  | Identified the +1 leather armour of Objectivity {-Cast rN+
                  | Regen+ Dex+2}
 32472 | Swamp:1  | Reached skill level 5 in Translocations
 32985 | Swamp:2  | Noticed Aizul
 32991 | Swamp:2  | Killed Aizul
 33007 | Swamp:2  | Noticed Jorgrun
 33010 | Swamp:2  | Killed Jorgrun
 33225 | Swamp:2  | Reached skill level 14 in Armour
 33594 | Swamp:4  | Entered Level 4 of the Swamp
 34407 | Swamp:4  | Reached XP level 18. HP: 126/126 MP: 27/27
 34754 | Swamp:4  | Noticed Bai Suzhen
 34763 | Swamp:4  | Killed Bai Suzhen
 34779 | Swamp:4  | Noticed the 27-headed Lernaean hydra
 34784 | Swamp:4  | Killed the 27-headed Lernaean hydra
 34785 | Swamp:4  | Reached skill level 15 in Armour
 34999 | Swamp:4  | Got a decaying rune of Zot
 35170 | Swamp:4  | Found an ancient bone altar of Kikubaaqudgha.
 35525 | Elf:1    | Entered Level 1 of the Elven Halls
 35784 | Elf:1    | Identified a scroll of acquirement
 35845 | Elf:1    | Reached skill level 16 in Armour
 36143 | Elf:1    | Reached skill level 10 in Translocations
 36265 | Elf:1    | Reached XP level 19. HP: 124/132 MP: 29/29
 36772 | Elf:2    | Found a runed translucent gate.
 36772 | Elf:2    | Found a runed translucent gate.
 36772 | Elf:2    | Found a runed translucent gate.
 36794 | Elf:2    | Reached skill level 17 in Armour
 36794 | Elf:2    | Paralysed by an air elemental for 1 turns
 36804 | Elf:2    | Noticed a Tzitzimitl
 37214 | Elf:2    | Reached skill level 15 in Invocations
 37424 | Elf:3    | Entered Level 3 of the Elven Halls
 37505 | Elf:3    | Reached skill level 18 in Armour
 38083 | Elf:3    | Found Puishrui's Jewellery Shoppe.
 38131 | Elf:3    | Found Futicy's Antique Armour Shoppe.
 38139 | Elf:3    | Bought a pair of embroidered gloves for 255 gold pieces
 38516 | Elf:3    | Identified the ring "Wotek" {rC+ Str+6}
 38518 | Elf:3    | Reached skill level 19 in Armour
 38550 | Elf:3    | Found Femojosm's Assorted Antiques.
 38569 | Elf:3    | Identified the +1 plate armour "Jileanix" {rC+ Int+2
                  | Slay-3}
 38574 | Elf:3    | Identified the +4 flail of Growth {flame, rPois rCorr Int-2
                  | Stlth+}
 38574 | Elf:3    | Identified the amulet of the Ancients {RegenMP *Slow Str+5}
 38575 | Elf:3    | Identified the +6 great sword of Luog {elec, rF++}
 38657 | Elf:3    | Reached XP level 20. HP: 109/137 MP: 31/31
 38715 | Elf:3    | Noticed Nikola
 38720 | Elf:3    | Killed Nikola
 38937 | Elf:3    | Identified the +4 ring mail of Repulsion {rF+ Int+3}
 38940 | Elf:3    | Identified the +0 plate armour "Cytis" {Int+8}
 39029 | Elf:3    | Identified the staff "Falusaish" {rPois rC+++ Str+2 Int-2
                  | Stlth+ Poison}
 39277 | Elf:3    | Found Bimn's Antique Weapon Emporium.
 39306 | Elf:3    | Bought a wand of digging (3) for 403 gold pieces
 39306 | Elf:3    | Bought a potion of heal wounds for 160 gold pieces
 39407 | Elf:3    | Found Pixzo's Magic Scroll Boutique.
 39410 | Elf:3    | Bought a scroll of immolation for 72 gold pieces
 39410 | Elf:3    | Bought a scroll of teleportation for 54 gold pieces
 39644 | Vaults:1 | Entered Level 1 of the Vaults
 39813 | Vaults:1 | Acquired 818 gold pieces
 39898 | Vaults:1 | Reached skill level 20 in Armour
 40392 | Vaults:1 | Reached skill level 21 in Armour
 40510 | Vaults:1 | Identified the ring "Tepoipos" {Drain rC+++ Dex+6 SInv
                  | Stlth-}
 40549 | Vaults:1 | Identified the +4 whip "Plog" {heavy, rPois rF- rC++ Int+2}
 40550 | Vaults:1 | Identified the +1 short sword of Xoativat {holy, rCorr
                  | Str+3 Dex-4 SInv}
 41423 | Vaults:1 | Reached skill level 22 in Armour
 42328 | Vaults:2 | Found a staircase to the Crypt.
 42338 | Vaults:2 | Found Miop Ino's Antique Armour Boutique.
 42439 | Vaults:2 | Reached XP level 21. HP: 144/144 MP: 32/32
 42457 | Vaults:2 | Learned a level 5 spell: Metabolic Englaciation
 42711 | Vaults:2 | Reached skill level 23 in Armour
 42824 | Vaults:2 | Noticed Zenata
 42830 | Vaults:2 | Killed Zenata
 43758 | Vaults:3 | Noticed Margery
 43770 | Vaults:3 | Killed Margery
 43771 | Vaults:3 | Reached skill level 24 in Armour
 44981 | Vaults:4 | Found a huge runed gate.
 44981 | Vaults:4 | Found a huge runed gate.
 44981 | Vaults:4 | Found a huge runed gate.
 44981 | Vaults:4 | Found a huge runed gate.
 44981 | Vaults:4 | Found a huge runed gate.
 44981 | Vaults:4 | Found a huge runed gate.
 44982 | Vaults:4 | Found a huge runed gate.
 44982 | Vaults:4 | Found a huge runed gate.
 44982 | Vaults:4 | Found a huge runed gate.
 44982 | Vaults:4 | Found a huge runed gate.
 44982 | Vaults:4 | Found a huge runed gate.
 44983 | Vaults:4 | Found a huge runed gate.
 44984 | Vaults:4 | Found a huge runed gate.
 44985 | Vaults:4 | Found a huge runed gate.
 44994 | Vaults:4 | Found a huge runed gate.
 44994 | Vaults:4 | Found a huge runed gate.
 44994 | Vaults:4 | Found a huge runed gate.
 44994 | Vaults:4 | Found a huge runed gate.
 44994 | Vaults:4 | Found a huge runed gate.
 44994 | Vaults:4 | Found a huge runed gate.
 44995 | Vaults:4 | Found a huge runed gate.
 44996 | Vaults:4 | Found a huge runed gate.
 44997 | Vaults:4 | Found a huge runed gate.
 45005 | Vaults:4 | Found a huge runed gate.
 45005 | Vaults:4 | Found a huge runed gate.
 45005 | Vaults:4 | Found a huge runed gate.
 45005 | Vaults:4 | Found a huge runed gate.
 45005 | Vaults:4 | Found a huge runed gate.
 45005 | Vaults:4 | Found a huge runed gate.
 45006 | Vaults:4 | Found a huge runed gate.
 45072 | Vaults:4 | Found a huge runed gate.
 45073 | Vaults:4 | Found a huge runed gate.
 45082 | Vaults:4 | Found a huge runed gate.
 45082 | Vaults:4 | Found a huge runed gate.
 45082 | Vaults:4 | Found a huge runed gate.
 45082 | Vaults:4 | Found a huge runed gate.
 45163 | Vaults:4 | Reached skill level 25 in Armour
 46510 | Depths:1 | Entered Level 1 of the Depths
 46517 | D:15     | Reached XP level 22. HP: 143/148 MP: 33/33
 46762 | Depths:1 | Reached skill level 26 in Armour
 47085 | Depths:1 | Identified the staff of the Sun {rElec Will+ Dex+2 Air}
 47442 | Depths:1 | Reached skill level 27 in Armour
 47464 | Depths:1 | Identified the amulet of the Telling Gods {Faith -Tele
                  | rElec rPois}
 47577 | Depths:1 | Noticed the Enchantress
 47589 | Depths:1 | Reached skill level 1 in Spellcasting
 47589 | Depths:1 | Reached skill level 1 in Hexes
 47667 | Depths:1 | Killed the Enchantress
 47827 | Depths:1 | Noticed Saint Roka
 47839 | Depths:1 | Killed Saint Roka
 48039 | Depths:1 | Found a one-way gate to the infinite horrors of the Abyss.
 48178 | Depths:1 | Found a gateway to Hell.
 48466 | Elf:3    | Bought a transparent crystal plate armour for 2890 gold
                  | pieces
 48466 | Elf:3    | Identified the +0 crystal plate armour of the Armadillo
                  | {rElec rC+ Dex+2} (You bought it in a shop on level 3 of
                  | the Elven Halls)
 48978 | Depths:4 | Entered Level 4 of the Depths
 48978 | Depths:4 | Found Ietoc's Incredible Inventory.
 49265 | Depths:4 | Found a gateway to a bazaar.
 49827 | Depths:4 | Found a gate to the Realm of Zot.
 50138 | Depths:4 | Found a one-way gateway to a ziggurat.
 50215 | Depths:4 | Noticed a juggernaut
 50223 | Depths:4 | Killed a juggernaut
 50853 | Depths:3 | Reached XP level 23. HP: 156/156 MP: 34/34
 50865 | Depths:3 | Identified the ring "Imnua" {Ice rPois Int+3 Stlth+}
 50865 | Depths:3 | Noticed Josephina
 50887 | Depths:3 | Killed Josephina
 51181 | Depths:3 | Noticed Norris
 51191 | Depths:3 | Killed Norris
 51250 | Depths:3 | Found Sunnifec's Jewellery Shoppe.
 51257 | Depths:3 | Found Lihas's Book Emporium.
 51653 | Depths:3 | Found Xinwosku's Self-Published Books.
 51816 | Depths:3 | Reached skill level 5 in Hexes
 51823 | Depths:3 | Identified the +0 chain mail of Rucaer {rN+ Int+4 SInv
                  | Stlth-}
 51964 | Depths:3 | Reached skill level 5 in Spellcasting
 52011 | Depths:3 | Got Sif Muna's Essays on Blows and Changes
 53597 | Depths:2 | Found a one-way gate leading to the halls of Pandemonium.
 54738 | Depths:2 | Found a one-way gate leading to the halls of Pandemonium.
 55556 | Vaults:4 | Noticed a golden dragon
 55559 | Vaults:4 | Noticed an ancient lich
 56146 | Vaults:4 | Killed an ancient lich
 56373 | Vaults:4 | Killed a golden dragon
 56842 | D:3      | Bought a scroll of brand weapon for 123 gold pieces
 57965 | Vaults:5 | Entered Level 5 of the Vaults
 57966 | Vaults:5 | Noticed a golden dragon
 58326 | Vaults:5 | Reached skill level 10 in Stealth
 58467 | Vaults:5 | Identified the ring of Xom's Recklessness {rPois rN++ Int+6
                  | Dex-2 Slay+2}
 58474 | Vaults:5 | Reached XP level 24. HP: 104/164 MP: 34/34
 58690 | Vaults:5 | Identified the +5 longbow of Konoxtun {speed, Fragile rN+
                  | Dex+3}
 58963 | Vaults:5 | Identified the +4 mace "Itenneis" {flame, *Noise Fly rN+
                  | Str+6}
 59761 | Vaults:5 | Found Cetup's Distillery.
 59766 | Vaults:5 | Bought a potion of might for 76 gold pieces
 59766 | Vaults:5 | Bought a potion of curing for 57 gold pieces
 59908 | Vaults:5 | Found Viorugy's Distillery.
 59913 | Vaults:5 | Bought a potion of heal wounds for 75 gold pieces
 59913 | Vaults:5 | Bought a potion of heal wounds for 75 gold pieces
 59913 | Vaults:5 | Bought a potion of heal wounds for 75 gold pieces
 60244 | Vaults:5 | Got a silver rune of Zot
 60463 | Vaults:5 | Noticed Jory
 60474 | Vaults:5 | Killed Jory
 60675 | Vaults:5 | Got the Handbook of the Wendigo and Illusion
 60749 | Vaults:5 | Noticed an ancient lich
 60760 | Vaults:5 | Killed an ancient lich
 61083 | Zot:1    | Entered Level 1 of the Realm of Zot
 62440 | Zot:2    | Reached XP level 25. HP: 132/172 MP: 36/36
 62697 | Depths:3 | Bought the ring of Midnight {Str+2 Dex+2 SInv} for 516 gold
                  | pieces
 63796 | Zot:3    | Killed from afar by a yellow draconian annihilator

Illustrated notes

Levels and vault maps discovered:
D:1:      wander_arrival_fairy_ring, layout_basic
D:2:      layout_loops_ring, skrybe_limestone_x, uniq_jessica,
          uniq_crazy_yiuf_cottage, uniq_natasha, uniq_terence
D:3:      layout_loops_ring, chequers_temple_overflow_minitemple, serial_shops,
          nicolae_shop_real_fake_doors, nicolae_shop_peninsula,
          basic_ecumenical_altar, kennysheep_orc_chapel, uniq_sigmund
D:4:      layout_basic, minitemple, minmay_temple_entry_junction, wad_orctagon
D:5:      layout_cave_pools, uniq_menkaure, uniq_grinder
D:6:      layout_basic, serial_shops, shop, enter_ossuary_3, serial_demonic,
          serial_demonic_b, serial_demonic_g, serial_demonic_c,
          serial_demonic_g, chequers_serial_rivers_micro_b, minmay_crossroads,
          uniq_eustachio
D:7:      layout_loops_corners, nicolae_overflow_two_pavilions,
          gammafunk_ghost_nasty_kobolds, uniq_joseph, uniq_duvessa
D:8:      layout_gridville, mainiacjoe_overflow_cross_hatched,
          erik_lair_orcish_takeover
D:9:      layout_basic, grunt_temple_overflow_holy_war, zombieorc2_lemuel,
          minivault_20, grunt_decor_mini_mirrors
D:10:     layout_stronghold, lightli_temple_of_fire
D:11:     layout_basic, kennysheep_potato, uniq_lodul
D:12:     layout_long_grid, serial_shops, nicolae_shop_mannequins,
          nicolae_shop_hallway_plus, uniq_rupert
D:13:     layout_small_grid, hellmonk_vaults_attempted_burglary
D:14:     layout_basic, patterned_corridor, uniq_roxanne
D:15:     grunt_enter_depths_giant_problem, layout_rooms, serial_ice,
          serial_ice_h, serial_ice_i, serial_ice_g, serial_ice_a, serial_ice_d,
          serial_ice_b, portal_ice_cave_entry_ice_statue_two,
          minmay_guarded_unrand_variability
Temple:   hellmonk_temple_of_storms
Lair:1:   layout_chaotic_city, serial_bayou_pond_e, uniq_gastronok
Lair:2:   layout_regular_city, swamp_mist_pool, serial_bayou_shore_a,
          grunt_megastairs_2
Lair:3:   layout_cave_shapes, alex1729_snake_entry_snake
Lair:4:   layout_gridlike
Lair:5:   evilmike_catoblepas_cave, layout_regular_city,
          minmay_slime_entry_pillars, infiniplex_staircase_pool
Swamp:1:  layout_basic_swamp, nicolae_swamp_oxbows, swamp_pool2
Swamp:2:  layout_falls_marsh, serial_swamp_ruin, evilmike_swamp_ruin_house_6,
          evilmike_swamp_ruin_house_4, evilmike_swamp_ruin_house_1,
          uniq_jorgrun, uniq_aizul
Swamp:3:  gammafunk_mikee_crab_dinner, layout_falls_marsh,
          evilmike_swamp_ruin_house_5, swamp_pool3, nicolae_swamp_spooky_pond
Swamp:4:  swamp_old_school, layout_basic_swamp, grunt_ruined_hall,
          uniq_bai_suzhen
Snake:1:  layout_misc_corridors, uniq_agnes
Snake:2:  layout_chambers, serial_shops, shop_fountains, shop, shop, shop,
          nicolae_shop_tiny_glass, minmay_shop_mayhem
Snake:3:  layout_basic
Snake:4:  snake_pit, layout_layer_cave
Orc:1:    layout_caves, uniq_fannar
Orc:2:    grunt_orc_community_town_hall, layout_diamond_mine,
          grunt_orc_community_big_house_1, grunt_orc_community_big_house_2,
          grunt_orc_community_house_1, grunt_orc_community_house_1,
          grunt_orc_community_house_3, grunt_orc_community_house_1,
          grunt_orc_community_house_2, grunt_orc_community_house_2,
          serial_shops, shop_fountains, bh_open_orc_temple
Elf:1:    layout_gridlike, mu_enter_wizlab_6, minmay_elf_crystal_hexagon,
          hangedman_elf_represent
Elf:2:    nicolae_elf_blades_crystal_corner, layout_geoelf_octagon
Elf:3:    minmay_elf_hall_spiked, layout_loops_corners, serial_shops,
          nicolae_shop_statue_plus, nicolae_shop_overgrown_old_shop,
          nicolae_shop_dealshenge, shop, nicolae_shop_rolled_up,
          hangedman_corner_corridor, uniq_nikola
Vaults:1: nicolae_vaults_oval_intersection, nicolae_vaults_house_2,
          hangedman_vaults_slice, nicolae_vaults_storing_the_good_stuff,
          nicolae_vaults_storage_closets_3, v_misc_29, nicolae_vaults_little_ls,
          hangedman_vaults_slice, grunt_vaults_twisty,
          nicolae_vaults_specimen_jars, vaults_mumra_hexcomb,
          layout_vaults_big_cross
Vaults:2: nicolae_vaults_triangles, nicolae_vaults_house_3, vaults_dpeg_cross,
          nicolae_vaults_trapezoid_layered,
          vaults_standard_mumra_enter_the_diamond,
          nicolae_vaults_mini_display_case, v_alt_pattern_4, v_misc_4,
          nicolae_vaults_two_Ls, nicolae_vaults_little_squares_3,
          layout_vaults_ring, serial_shops, shop, uniq_zenata
Vaults:3: nicolae_vaults_apartment_1, nicolae_vaults_storage_closets_2,
          nicolae_vaults_asterisk, v_misc_25, nicolae_vaults_little_squares_2,
          nicolae_vaults_sesquioval_fish, layout_vaults_omnigrid, uniq_margery
Vaults:4: nicolae_vaults_sesquioval_fish, nicolae_vaults_sightless_eye,
          nicolae_vaults_big_ls, v_rooms_2, nicolae_vaults_trapezoid_1,
          door_vault, ontoclasm_vaults_idyll, nicolae_vaults_trapezoid_2,
          nicolae_vaults_yaktaur_gun_rack, nicolae_vaults_more_shelving_2,
          vaults_room_octagon, nicolae_vaults_house_2,
          nicolae_vaults_offset_grid_hallway_4, nicolae_vaults_gold_heap,
          vaults_dpeg_diagonal, nicolae_vaults_cochlea, layout_vaults_omnibox
Vaults:5: uniq_jory
Depths:1: evilmike_marble_ring, layout_cave_pools, pf_hell_entry_great_geh,
          minmay_room_of_horrors, minmay_the_grid_square_5x5_3x3_mashed
          [minmay_the_grid_square_5x5_forky,
          minmay_the_grid_square_5x5_half_checkered,
          minmay_the_grid_square_5x5_two_small,
          minmay_the_grid_square_5x5_inner_i,
          minmay_the_grid_square_5x5_megaprize_diamond,
          minmay_the_grid_square_5x5_two_walls_b,
          minmay_the_grid_square_5x5_eight,
          minmay_the_grid_square_5x5_hourglass,
          minmay_the_grid_square_5x5_inverted_slash], uniq_enchantress,
          uniq_saint_roka
Depths:2: minmay_box_of_statues, layout_cave_shapes, rand_demon_pan_entry_9,
          abyss_entry, hell_entry, dreamdust_wishing_well
Depths:3: cheibrodos_lost_city_excavation, layout_cave_shapes,
          hangedman_abyss_entry_splay, serial_bayou_shore_b, lightli_too_deep,
          nicolae_custom_books, minmay_shoptagon, infiniplex_staircase_spiral,
          uniq_josephina, uniq_norris
Depths:4: grunt_zot_entry_tricorne, layout_basic, enter_ziggurat_d,
          serial_sigils, serial_sigils_hangedman_writhe,
          serial_sigils_hangedman_scar, serial_sigils_hangedman_etch,
          serial_sigils_hangedman_snap, hangedman_coc_ice_floe, serial_shops,
          bzr_entry_water, nicolae_alphabet_shops, hangedman_decor_peaks_small,
          hellmonk_scarab_ruin, serial_bayou_shore_b
Zot:1:    layout_onion_interference, st_large_dragon_hoard_2
Zot:2:    kennysheep_room_grid, layout_gridville, zot_minivault_1
Zot:3:    layout_onion, grunt_megastairs_1
Zot:4:    layout_gridlike

Skill      XL: |  1  2  3  4  5  6  7  8  9 10 11 12 13 14 15 16 17 18 19 20 21 22 23 24 |
---------------+-------------------------------------------------------------------------+-----
Armour         | 1 2 3 4 5 7 8 10 11 12 14 16 19 22 25 27 | 27.0
Stealth        | 2 3 4 5 6 10 12 | 12.6
Fighting       | 3 4 6 7 9 10 11 12 14 15 18 19 20 21 | 21.8
Ranged Weapons | 5 6 8 10 11 13 15 16 18 19 20 | 20.9
Invocations    | 2 6 8 10 12 13 14 15 16 | 16.3
Translocations | 6 10 12 | 12.0
Spellcasting   | 4 7 9 |  9.0
Hexes          | 4 7 8 |  8.9
Dodging        | |  1.5

Action                     |  1- 3 |  4- 6 |  7- 9 | 10-12 | 13-15 | 16-18 | 19-21 | 22-24 | 25-27 || total
---------------------------+-------+-------+-------+-------+-------+-------+-------+-------+-------++-------
  Melee: Short sword       |       |    21 |       |       |       |       |       |       |       ||    21
         Rapier            |       |       |    13 |       |       |       |       |       |       ||    13
   Fire: Shortbow          |   112 |   107 |   487 |       |       |       |       |       |       ||   706
         Orcbow            |       |       |    32 |   684 |   454 |       |       |       |       ||  1170
         Longbow           |       |       |       |       |   622 |   804 |  1075 |  1580 |   207 ||  4288
         Triple crossbow   |       |       |       |       |       |       |       |     3 |     5 ||     8
  Throw: Dart              |       |       |       |       |       |       |       |     3 |       ||     3
 Invoke: Bend Time         |       |       |       |       |     2 |     1 |     1 |     1 |       ||     5
         Slouch            |       |       |       |       |     3 |     4 |    15 |    21 |     4 ||    47
         Temporal Distorti |       |       |       |       |       |     2 |     2 |     3 |     3 ||    10
         Step From Time    |       |       |       |       |       |     2 |       |       |       ||     2
  Evoke: Wand              |       |       |     5 |     5 |     2 |     2 |       |       |     2 ||    16
         Lightning rod     |       |       |       |       |       |       |     7 |       |       ||     7
    Use: Scroll            |       |     3 |    11 |    13 |    24 |     5 |    11 |    17 |     4 ||    88
         Potion            |       |     3 |       |       |    12 |     3 |     5 |    19 |     4 ||    46
   Stab: Sleeping          |       |       |     1 |       |       |       |       |       |       ||     1
 Armour: Leather armour    |     9 |    26 |    92 |   148 |   155 |       |       |       |       ||   430
         Robe              |       |       |       |       |    79 |   191 |   319 |   270 |       ||   859
         Gold dragon scale |       |       |       |       |       |       |       |   648 |   175 ||   823
  Dodge: Dodged            |    13 |    19 |   141 |   139 |   233 |   183 |   276 |   436 |    56 ||  1496
  Block: Other             |       |       |       |       |       |    64 |   106 |   173 |    27 ||   370
         Reflection        |       |       |       |       |       |    11 |    23 |    15 |       ||    49

Table legend: (Time is in decaauts)
 A = Elapsed time spent in this place.
 B = Non-inter-level travel time spent in this place.
 C = Inter-level travel time spent in this place.
 D = Time resting spent in this place.
 E = Time spent auto-exploring this place.
 F = Levels seen in this place.
 G = Mean time per level.
                   A        B        C        D        E       F      G
               +--------+--------+--------+--------+--------+-----+--------+
         Total |  86938 |  76162 |  10776 |  17692 |  46590 |  48 | 1811.2 |
       Dungeon |  24191 |  18752 |   5439 |   3088 |  12806 |  15 | 1612.7 |
        Temple |     13 |     13 |      0 |      0 |      0 |   1 |   13.0 |
          Lair |   7420 |   6473 |    947 |   1238 |   4138 |   5 | 1484.0 |
         Swamp |   5413 |   5221 |    192 |   1151 |   3198 |   4 | 1353.2 |
     Snake Pit |   8266 |   8018 |    248 |   1456 |   5808 |   4 | 2066.5 |
  Orcish Mines |   3741 |   3257 |    484 |   1413 |   1307 |   2 | 1870.5 |
   Elven Halls |   5761 |   5322 |    439 |   1047 |   3463 |   3 | 1920.3 |
        Vaults |  17192 |  15162 |   2030 |   3332 |   9538 |   5 | 3438.4 |
        Depths |  12006 |  11053 |    953 |   3382 |   6010 |   4 | 3001.5 |
           Zot |   2333 |   2294 |     39 |   1493 |      3 |   4 |  583.2 |
       Ossuary |    598 |    598 |      0 |     88 |    316 |   1 |  598.0 |
               +--------+--------+--------+--------+--------+-----+--------+

Top non-repeatable levels by time:
Vaults:4: 4684 daAuts
Vaults:5: 3795 daAuts
Depths:2: 3778 daAuts
Vaults:1: 3498 daAuts
Depths:4: 3267 daAuts
 Snake:4: 2878 daAuts
Depths:3: 2854 daAuts
   Orc:2: 2840 daAuts
   Elf:3: 2765 daAuts
Vaults:3: 2730 daAuts
  Lair:5: 2580 daAuts
     D:3: 2514 daAuts
    D:13: 2491 daAuts
Vaults:2: 2483 daAuts
     D:9: 2479 daAuts
